AoeStats
← 武田信長

Black Forest

510476815Analyzed
4v4 RM · 1d ago on Oct 1, 2026· 38m 10s· 8 players
Game mode
Random Map
Map size
Large (8 player)
Population
200
Speed
Normal
Resources
Standard
Victory
Conquest
Starting age
Dark Age
Ending age
Imperial Age
RankedLock teamsTeams togetherTeam positionsShared explorationLock speedFull tech treeHidden civsTurbo modeCheats
Victory
Defeat
🇨🇳 Cumans · China
1368
+16
🇲🇴 Persians · Macao SAR China
1364
+16
🇩🇪 Japanese · Germany
1356
+16
🇲🇽 Turks · Mexico
1326
+18
🇹🇼 Mongols · Taiwan
1370
-17
🇮🇩 Danes · Indonesia
1369
-17
🇦🇷 Bengalis · Argentina
1360
-16
🇹🇼 Slavs · Taiwan
1355
-16
FOX
6:42 Loom
10:47 Feudal Age
15:39 Castle Age
13:34 Double-Bit Axe
13:58 Horse Collar
22:49 Imperial Age
20:24 Gold Mining
23:16 Padded Archer Armor
25:55 Leather Archer Armor
25:44 Town Watch
27:04 Wheelbarrow
29:30 Gold Shaft Mining
34:28 Hand Cart
35:35 Ring Archer Armor
HOU
8:58 Loom
11:15 Feudal Age
14:56 Castle Age
13:05 Double-Bit Axe
13:24 Horse Collar
15:46 Heavy Plow
22:03 Gold Mining
24:18 Gold Shaft Mining
23:33 Stone Mining
24:31 Bow Saw
29:14 Imperial Age
27:22 Wheelbarrow
26:33 Town Watch
27:59 Stone Shaft Mining
27:31 Scale Barding Armor
27:49 Forging
28:33 Husbandry
28:44 Bloodlines
29:22 Chain Barding Armor
30:36 Two-Man Saw
30:07 Crop Rotation
29:23 Cavalier
31:07 Plate Barding Armor
31:33 Conscription
31:50 Iron Casting
32:03 Devotion
31:33 Light Cavalry
32:58 Savar
34:09 Hand Cart
35:33 Blast Furnace
36:06 Fletching
36:17 Scale Mail Armor
36:17 Padded Archer Armor
36:39 Ballistics
36:30 Masonry
38:10 Chemistry
37:50 Hoardings
37:35 Hussar
C_XW
3:35 Loom
12:05 Feudal Age
12:44 Double-Bit Axe
15:50 Man-at-Arms
23:20 Horse Collar
24:20 Scale Mail Armor
24:30 Forging
26:26 Castle Age
26:08 Scale Mail Armor
26:18 Forging
26:01 Arson
26:25 Gold Mining
26:35 Pikeman
26:39 Long Swordsman
28:23 Bow Saw
29:08 Chain Mail Armor
30:25 Iron Casting
30:01 Squires
31:03 Wheelbarrow
30:32 Capped Ram
32:16 Pikeman
34:37 Hand Cart
38:19 Imperial Age
tH_cept
1:13 Loom
11:59 Feudal Age
18:51 Castle Age
16:44 Fletching
19:29 Bodkin Arrow
30:47 Wheelbarrow
34:25 Double-Bit Axe
34:22 Horse Collar
36:06 Yasama
武田信長
11:17 Feudal Age
9:35 Loom
11:43 Feudal Age
15:16 Wheelbarrow
18:02 Castle Age
16:33 Gold Mining
16:37 Double-Bit Axe
18:38 Horse Collar
19:13 Bow Saw
24:51 Heavy Plow
27:40 Hand Cart
34:20 Imperial Age
32:00 Scale Barding Armor
32:05 Forging
32:07 Bloodlines
31:57 Husbandry
32:00 Gold Mining
32:02 Stone Mining
34:35 Gold Shaft Mining
34:21 Detinets
35:07 Chain Barding Armor
35:22 Iron Casting
36:29 Plate Barding Armor
35:52 Elite Boyar
36:53 Conscription
酒醉上義姬
0:25 Loom
12:56 Feudal Age
16:57 Castle Age
15:09 Double-Bit Axe
22:37 Bow Saw
23:13 Horse Collar
27:51 Pikeman
28:48 Heavy Plow
28:47 Gold Mining
31:02 Forging
30:53 Scale Mail Armor
31:31 Squires
33:21 Iron Casting
33:01 Chain Mail Armor
36:38 Wheelbarrow
No_English
1:58 Loom
9:50 Feudal Age
10:25 Double-Bit Axe
10:02 Man-at-Arms
11:09 Horse Collar
19:46 Wheelbarrow
23:08 Castle Age
22:22 Fletching
22:21 Arson
22:31 Gold Mining
22:37 Stone Mining
23:28 Long Swordsman
24:33 Squires
26:30 Gold Shaft Mining
26:16 Bodkin Arrow
27:05 Padded Archer Armor
28:13 Leather Archer Armor
29:03 Ballistics
30:59 Town Watch
33:30 Elite Skirmisher
BocaJuniorsElMasGrande
3:33 Loom
4:19 Loom
5:26 Loom
6:23 Loom
8:25 Loom
10:34 Feudal Age
12:40 Double-Bit Axe
15:06 Castle Age
12:56 Horse Collar
16:09 Bow Saw
16:00 Heavy Plow
25:10 Wheelbarrow
24:55 Town Watch
25:33 Sanctity
25:50 Fervor
26:14 Forging
26:10 Scale Barding Armor
27:36 Iron Casting
27:42 Bloodlines
27:34 Husbandry
28:57 Chain Barding Armor
34:12 Caravan
34:43 Town Patrol
34:35 Fletching
36:03 Hand Cart
Connection lost

Rejoining the realm…

Still unreachable

The connection could not be restored.

Session expired

The server has moved on; the page needs a fresh start.